 Dungeon Crawl Stone Soup version 0.30-a0-170-g85af917532 (webtiles) character file.

Game seed: 15254538159623521574

31 LnG the Caller (level 3, 0/19 HPs)
             Began as a Kobold Summoner on Sept 30, 2022.
             Slain by an adder (4 damage)
             ... on level 2 of the Dungeon.
             The game lasted 00:03:01 (1927 turns).

LnG the Caller (Kobold Summoner)                    Turns: 1927, Time: 00:03:01

Health: 0/19       AC:  3    Str:  5    XL:     3   Next: 40%
Magic:  3/6        EV: 15    Int: 18    God:
Gold:   26         SH:  0    Dex: 15    Spells: 0/6 levels left

rFire   . . .      SeeInvis .    c - +0 dagger
rCold   . . .      Faith    .    (no shield)
rNeg    . . .      Spirit   .    a - +0 robe
rPois   .          Reflect  .    e - +0 helmet
rElec   .          Harm     .    (no cloak)
rCorr   .          Rampage  .    (no gloves)
Will    .....                    (no boots)
Stlth   +++.......               (no amulet)
HPRegen 0.06/turn                (no ring)
MPRegen 0.10/turn                (no ring)

@: lethally poisoned (0 -> -4)
A: small, no large weapons, nightstalker 3
a: no special abilities


You were on level 2 of the Dungeon.
You visited 1 branch of the dungeon, and saw 2 of its levels.

You collected 26 gold pieces.

Inventory:

Hand Weapons
 c - a +0 dagger (weapon)
Armour
 a - a +0 robe (worn)
 e - a +0 helmet (worn)
Potions
 b - a potion of magic
 d - a potion of might
 g - 2 potions of heal wounds {unknown}
 j - a potion of curing {unknown}


   Skills:
 + Level 0.6 Short Blades
 + Level 2.8 Dodging
 + Level 3.3 Stealth
 + Level 2.4 Spellcasting
 + Level 4.4 Summonings


You couldn't memorise any spells.
You knew the following spells:

 Your Spells              Type           Power      Damage    Failure   Level
a - Summon Small Mammal   Summ           72%        N/A       2%          1
b - Call Imp              Summ           18%        N/A       4%          2
c - Call Canine Familiar  Summ           18%        N/A       9%          3

Your spell library contained the following spells:

 Spells                   Type           Power      Damage    Failure   Level
 Summon Guardian Golem    Hex/Summ       10%        N/A       22%         3
 Summon Lightning Spire   Summ/Air       10%        N/A       56%         4


Dungeon Overview and Level Annotations

Branches:
Dungeon (2/15)

Altars:

Shops:
D:2 =


Innate Abilities, Weirdness & Mutations

You are small and have problems with some larger weapons.
You are completely attuned to the shadows.


Message History

You hit the adder.
The adder is lightly wounded.
The adder closely misses you. The adder bites you.
You hit the adder.
The adder is moderately wounded.
The adder misses you.
You miss the adder.
The adder is moderately wounded.
The adder misses you.
You hit the adder.
The adder is heavily wounded.
The adder misses you.
You miss the adder.
The adder is heavily wounded.
The adder closely misses you. The adder bites you.
You miss the adder.
The adder is heavily wounded.
The adder bites you.
You are poisoned.
The adder poisons you!
You hit the adder.
The adder is heavily wounded.
You feel sick. The adder bites you.
You are lethally poisoned!
The adder poisons you!
You are too injured to fight recklessly!
Casting: Summon Small Mammal (safe; 2% risk of failure)
Confirm with . or Enter, or press ? or * to list all spells.
The spell is extremely dangerous to miscast (9% risk of failure)!
Continue anyway?
You feel sick. The adder barely misses you. The adder closely misses you.
Found a robe.
* * * LOW HITPOINT WARNING * * *
You feel sick.
Your hound bites the adder but does no damage.
The adder bites you but does no damage.
You barely miss the adder.
The adder is heavily wounded.
* * * LOW HITPOINT WARNING * * *
You feel sick.
Your hound misses the adder. The adder bites you.
You die...

#.....###
##.#.#....#.
#.......#..
#..........
#........#####
#####.##.........
......##..∩..S...
......#.....@h...
#####.#.....#####
########.#.....#
#.....##.#.....#
#.###.##.# ...[
#.# #.##.# #.#
#.##.# #<# #.##.#
### #.##.#


You could see an adder (ally target) and a friendly hound (summoned).

Vanquished Creatures
  A dart slug (D:1)
  A ball python (D:1)
  3 endoplasms (D:1)
  A giant cockroach (D:1)
  3 goblins (D:1)
  2 hobgoblins (D:1)
  3 kobolds (D:1)
  A quokka (D:1)
  A frilled lizard (D:1)
  A rat (D:1)
17 creatures vanquished.

Vanquished Creatures (collateral kills)
  A dart slug (D:1)
  2 ball pythons (D:1)
  An endoplasm (D:1)
  A kobold (D:1)
  A frilled lizard (D:1)
  A goblin (D:1)
7 creatures vanquished.

Grand Total: 24 creatures vanquished

Notes
Turn   | Place    | Note
-------+----------+-------------------------------------------
     0 | D:1      | LnG the Kobold Summoner began the quest for the Orb.
     0 | D:1      | Reached XP level 1. HP: 10/10 MP: 3/3
   492 | D:1      | Reached XP level 2. HP: 2/15 MP: 1/5
   744 | D:1      | Learned a level 2 spell: Call Imp
  1273 | D:1      | Reached XP level 3. HP: 17/19 MP: 1/6
  1719 | D:1      | Learned a level 3 spell: Call Canine Familiar
  1909 | D:2      | Found Ygebb's Jewellery Shop.
  1927 | D:2      | Slain by an adder

Illustrated notes

Levels and vault maps discovered:
D:1:      amcnicky_arrival_double_pillar, layout_basic,
          minmay_misc_feat_four_crosses, grunt_decor_cap
D:2:      layout_basic, serial_shops, shop

Skill      XL: |  1  2 |
---------------+-------+-----
Stealth        | 3 |  3.3
Short Blades   | |  0.6
Dodging        | |  2.8
Spellcasting   | |  2.4
Summonings     | |  4.4

Action                   || total
-------------------------++-------
Melee: Dagger            ||    75
       Unarmed           ||     4
 Cast: Summon Small Mamm ||     8
       Call Imp          ||     2
       Call Canine Famil ||     1
  Use: Scroll            ||     3
 Stab: Sleeping          ||     8
Armor: Robe              ||    17
Dodge: Dodged            ||    47

Table legend: (Time is in decaauts)
 A = Elapsed time spent in this place.
 B = Non-inter-level travel time spent in this place.
 C = Inter-level travel time spent in this place.
 D = Time resting spent in this place.
 E = Time spent auto-exploring this place.
 F = Levels seen in this place.
 G = Mean time per level.
                   A        B        C        D        E       F      G
               +--------+--------+--------+--------+--------+-----+--------+
         Total |   1925 |   1902 |     23 |    781 |    911 |   2 |  962.5 |
       Dungeon |   1925 |   1902 |     23 |    781 |    911 |   2 |  962.5 |
               +--------+--------+--------+--------+--------+-----+--------+

Top non-repeatable levels by time:
     D:1: 1875 daAuts
     D:2: 50 daAuts
